 Dungeon Crawl Stone Soup version 0.32-a0-43-g058985b245 (webtiles) character file.

Game seed: 2261395280482090920

738 funkygono the Chopper (level 7, -8/61 HPs)
             Began as a Minotaur Fighter on Feb 4, 2024.
             Mangled by Duvessa
             ... wielding a +0 short sword
              (11 damage)
             ... on level 4 of the Dungeon.
             The game lasted 00:05:04 (2265 turns).

funkygono the Chopper (Minotaur Fighter)            Turns: 2265, Time: 00:05:05

Health: -8/61      AC: 12    Str: 23    XL:     7   Next: 46%
Magic:  6/6        EV:  8    Int:  5    God:
Gold:   187        SH:  9    Dex:  9    Spells: 6/6 levels left

rFire   + . .        a - +0 war axe
rCold   . . .        c - +0 buckler
rNeg    + . .        p - +2 chain mail {rF+}
rPois   .            (helmet restricted)
rElec   .            (no cloak)
rCorr   .            (no gloves)
SInv    .            (no boots)
Will    .....        h - amulet of reflection Stlth
                     f - ring of positive energy
HPRegen 0.30/turn    (no ring)
MPRegen 0.10/turn

%: reflection
@: no status effects
A: horns 2, retaliatory headbutt
a: no special abilities


You were on level 4 of the Dungeon.
You visited 1 branch of the dungeon, and saw 4 of its levels.

You collected 187 gold pieces.

Inventory:

Hand Weapons
 a - a +0 war axe (weapon)
Missiles
 g - 54 stones (quivered)
 m - 11 poisoned darts
Armour
 c - a +0 buckler (worn)
 p - a +2 chain mail of fire resistance (worn)
Jewellery
 f - a ring of positive energy (left hand)
 h - an amulet of reflection (around neck)
Wands
 l - a wand of mindburst (12)
 w - a wand of flame (15)
Scrolls
 b - a scroll of enchant weapon {unknown}
 e - a scroll of revelation {unknown}
 i - a scroll of poison {unknown}
 o - a scroll of noise {unknown}
 r - 2 scrolls of identify {unknown}
 s - a scroll of enchant armour {unknown}
 v - a scroll of fear {unknown}
Potions
 d - a potion of might
 j - a potion of magic {unknown}
 k - a potion of brilliance {unknown}
 n - 3 potions of curing {unknown}
 q - a potion of enlightenment {unknown}
 t - a potion of heal wounds {unknown}
 u - a potion of ambrosia {unknown}


   Skills:
 + Level 5.4 Fighting
 + Level 6.7 Axes
 + Level 0.3 Throwing
 + Level 5.6 Armour
 + Level 2.1 Dodging
 + Level 0.3 Stealth
 + Level 5.2 Shields


You had 6 spell levels left.
You didn't know any spells.
Your spell library was empty.

Dungeon Overview and Level Annotations

Branches:
Dungeon (4/15)
 Temple: D:4-7

Altars:
Nemelex Xobeh
Trog
Xom
Zin

Annotations:
D:4 Duvessa


Innate Abilities, Weirdness & Mutations

You have a pair of horns on your head.
You reflexively headbutt those who attack you in melee.


Message History

Duvessa hits you with a +0 short sword. Duvessa hits you with a +0 short sword!
You slash Duvessa! You headbutt Duvessa, but do no damage.
Duvessa is moderately wounded.
Duvessa hits you but does no damage. You block Duvessa's attack.
You hit Duvessa.
Duvessa is heavily wounded.
Duvessa barely misses you. You block Duvessa's attack.
You hit Duvessa but do no damage. Your headbutt misses Duvessa.
Duvessa is heavily wounded.
You block Duvessa's attack. Duvessa hits you with a +0 short sword!
You barely miss Duvessa.
Duvessa is heavily wounded.
You block Duvessa's attack. Duvessa barely misses you.
You slash Duvessa!
Duvessa is heavily wounded.
Duvessa hits you with a +0 short sword!
You barely miss Duvessa. You headbutt Duvessa!
Duvessa is severely wounded.
Duvessa hits you but does no damage. Duvessa hits you with a +0 short sword.
You hit Duvessa but do no damage. You headbutt Duvessa, but do no damage.
Duvessa is severely wounded.
Duvessa hits you with a +0 short sword. Duvessa hits you but does no damage.
You hit Duvessa.
Duvessa is severely wounded.
Duvessa hits you with a +0 short sword.
* * * LOW HITPOINT WARNING * * *
Duvessa hits you but does no damage.
You hit Duvessa but do no damage.
Duvessa is severely wounded.
You block Duvessa's attack.
You slash Duvessa!
Duvessa is almost dead.
Duvessa hits you with a +0 short sword.
* * * LOW HITPOINT WARNING * * *
Duvessa hits you with a +0 short sword!
* * * LOW HITPOINT WARNING * * *
You hit Duvessa but do no damage.
Duvessa is almost dead.
Duvessa hits you with a +0 short sword!
You die...

## ###....# .###......
#.. ..#..... ... .
#.#.... #.... .....
#.#.. ######).. #.#..
.......e#### ##....
.......@$..###.####..##.
.....?...............##.
########..####.###))....
######.####.##..#<...
#...)...........##...
#........####...##...
#........##...#.##...
#######..##.###.##.##
#....>......##.#


You could see Duvessa (berserk).

Vanquished Creatures
  Grinder (D:3)
  Sigmund (D:2)
  Dowan (D:4)
  A bombardier beetle (D:3)
  An orc priest (D:2)
  An iguana (D:4)
  2 orc wizards (D:3)
  Terence (D:2)
  5 gnolls
  4 adders (D:2)
  14 orcs
  6 endoplasms
  5 giant cockroaches
  10 goblins
  14 hobgoblins
  5 quokkas
  5 ball pythons
  2 bats (D:1)
  2 frilled lizards
  10 kobolds
  6 rats
97 creatures vanquished.

Vanquished Creatures (others)
  An angel (D:3)
1 creature vanquished.

Grand Total: 98 creatures vanquished

Notes
Turn   | Place    | Note
-------+----------+-------------------------------------------
     0 | D:1      | funkygono the Minotaur Fighter began the quest for the Orb.
     0 | D:1      | Reached XP level 1. HP: 19/19 MP: 0/0
   127 | D:1      | Reached XP level 2. HP: 27/27 MP: 1/1
   398 | D:1      | Reached XP level 3. HP: 30/33 MP: 2/2
   681 | D:2      | Reached skill level 3 in Axes
   708 | D:2      | Reached XP level 4. HP: 30/40 MP: 3/3
   796 | D:2      | You fall into a shaft and drop 1 floor!
   803 | D:3      | Noticed an angel
   821 | D:3      | Found a shimmering altar of Xom.
   821 | D:3      | Found a glowing silver altar of Zin.
   915 | D:3      | Reached skill level 1 in Dodging
   922 | D:3      | Reached XP level 5. HP: 46/47 MP: 4/4
   925 | D:3      | Reached skill level 4 in Axes
  1038 | D:2      | Found a faded altar of an unknown god.
  1053 | D:2      | Noticed Sigmund
  1072 | D:2      | Killed Sigmund
  1073 | D:2      | Reached skill level 5 in Axes
  1073 | D:2      | Reached skill level 5 in Armour
  1073 | D:2      | Reached XP level 6. HP: 43/55 MP: 5/5
  1142 | D:2      | Reached skill level 5 in Fighting
  1280 | D:2      | Noticed Terence
  1288 | D:2      | Killed Terence
  1626 | D:3      | Killed an angel
  1640 | D:3      | Found a sparkling altar of Nemelex Xobeh.
  1734 | D:3      | Noticed Grinder
  1743 | D:3      | Killed Grinder
  1744 | D:3      | Reached skill level 6 in Axes
  1744 | D:3      | Reached skill level 5 in Shields
  1744 | D:3      | Reached XP level 7. HP: 55/61 MP: 6/6
  2045 | D:3      | Found a bloodstained altar of Trog.
  2210 | D:4      | Noticed Dowan
  2229 | D:4      | Killed Dowan
  2251 | D:4      | Noticed Duvessa
  2264 | D:4      | HP: 2/61 [Duvessa/+0 short sword (12)]
  2265 | D:4      | Mangled by Duvessa

Illustrated notes

Levels and vault maps discovered:
D:1:      eino_arrival_water_star, layout_basic, chequers_arboretum,
          minmay_bisected
D:2:      layout_rooms, serial_forest, infiniplex_forest_end_double,
          infiniplex_forest_end_3, infiniplex_forest_clump_long,
          infiniplex_forest_lined_room_3, infiniplex_forest_straight_3,
          infiniplex_forest_lined_corner, shapermc_ecumenical_altar_notcrosses,
          uniq_terence, uniq_sigmund
D:3:      layout_rooms, grunt_temple_overflow_order_and_chaos_1,
          nemelex_dance_club_becter, trog_hazing_becter, kennysheep_donut,
          uniq_grinder
D:4:      layout_basic, makhleb_blood_cavern_becter,
          nicolae_ru_great_annihilating_truth, grunt_decor_resistance,
          st_stairs_9, uniq_duvessa

Skill      XL: |  1  2  3  4  5  6 |
---------------+-------------------+-----
Armour         | 4 5 |  5.6
Fighting       | 4 5 |  5.4
Shields        | 4 5 |  5.2
Axes           | 3 5 6 |  6.7
Dodging        | 1 2 |  2.1
Throwing       | |  0.3
Stealth        | |  0.3

Action                     |  1- 3 |  4- 6 |  7- 9 || total
---------------------------+-------+-------+-------++-------
  Melee: War axe           |    59 |   104 |    56 ||   219
         Headbutt          |     2 |    12 |     9 ||    23
  Throw: Stone             |       |       |    18 ||    18
 Armour: Scale mail        |    30 |    38 |       ||    68
         Chain mail        |       |    10 |    38 ||    48
  Dodge: Dodged            |    27 |    37 |    16 ||    80
  Block: Buckler           |    34 |    54 |    31 ||   119
         Reflection        |     2 |     5 |     7 ||    14

Table legend: (Time is in decaauts)
 A = Elapsed time spent in this place.
 B = Non-inter-level travel time spent in this place.
 C = Inter-level travel time spent in this place.
 D = Time resting spent in this place.
 E = Time spent auto-exploring this place.
 F = Levels seen in this place.
 G = Mean time per level.
                   A        B        C        D        E       F      G
               +--------+--------+--------+--------+--------+-----+--------+
         Total |   2333 |   2267 |     66 |      0 |   1554 |   4 |  583.2 |
       Dungeon |   2333 |   2267 |     66 |      0 |   1554 |   4 |  583.2 |
               +--------+--------+--------+--------+--------+-----+--------+

Top non-repeatable levels by time:
     D:3: 786 daAuts
     D:2: 715 daAuts
     D:1: 680 daAuts
     D:4: 151 daAuts
